Map: Rhoskallian LE

Players

Bab - Winner!

  • Race: Zerg Zerg
  • League: Diamond
  • Spawn Location: 6:00

Bestasttung - Winner!

  • Race: Terran Terran
  • League: Diamond
  • Spawn Location: 5:00

Massa

  • Race: Terran Terran
  • League: Platinum
  • Spawn Location: 11:00

qqq

  • Race: Zerg Zerg
  • Spawn Location: 12:00

VOD

Have the link to the VOD?

Description

Time

  • Played on: Nov. 3, 2020, 2:38 p.m.
  • Length: 11:12
Show
View Real Time Build Order
Export as new Build Order

Bab Zerg - Winner!

Build Orders: Hatch First, Lurkers, Roach Hydra 

Get SALT Encoding   

  12  0:01  Drone  
  13  0:13  Overlord  
  13  0:18  Drone  
  14  0:32  Drone x2  
  16  0:39  Drone  
  17  0:59  Drone  
  17  1:00  Drone  
  17  1:01  Hatchery  
  18  1:07  Drone  
  19  1:15  Extractor  
  18  1:19  Spawning Pool  
  18  1:22  Drone  
  18  1:28  Drone  
  19  1:39  Drone  
  20  1:50  Overlord  
  20  2:00  Drone  
  21  2:11  Queen  
  21  2:12  Queen  
  21  2:14  Drone x2  
  27  2:16  Metabolic Boost  
  27  2:21  Overlord  
  27  2:23  Drone  
  28  2:32  Drone  
  28  2:34  Drone  
  30  2:44  Drone x2  
  32  2:53  Queen  
  32  2:54  Queen, Overlord  
  32  2:57  Drone  
  37  3:05  Drone  
  38  3:07  Drone  
  39  3:16  Drone  
  39  3:17  Drone  
  39  3:19  Drone x2  
  43  3:21  Drone  
  43  3:22  Drone x2  
  43  3:23  Drone  
  43  3:24  Baneling Nest  
  46  3:28  Zergling x2  
  46  3:30  Zergling x2  
  48  3:42  Drone x2  
  48  3:48  Extractor x2  
  49  3:52  Lair  
  49  3:54  Drone  
  49  3:55  Drone x2  
  51  3:58  Overlord  
  51  4:01  Hatchery  
  50  4:13  Zergling x2  
  50  4:14  Zergling x2  
  53  4:17  Drone x4  
  53  4:22  Drone  
  57  4:35  Drone  
  58  4:45  Drone x2  
  59  4:52  Evolution Chamber  
  59  4:53  Roach Warren, Evolution Chamber  
  59  4:59  Extractor  
  56  5:00  Drone x3  
  61  5:35  Roach  
  61  5:36  Roach x2  
  61  5:37  Overlord x3  
  61  5:38  Overlord x7  
  61  5:42  Hydralisk Den  
  64  5:44  Baneling x7  
  64  5:45  Baneling  
  64  5:53  Drone x2  
  64  5:57  Zerg Missile Weapons Level 1, Zerg Ground Armor Level 1  
  66  5:58  Drone x14  
  66  6:01  Glial Reconstitution  
  80  6:06  Centrifical Hooks  
  80  6:14  Extractor x2  
  78  6:25  Lurker Den  
  78  6:26  Muscular Augments  
  78  6:29  Drone  
  78  6:30  Drone x3  
  78  6:31  Drone x3  
  78  6:32  Drone x2  
  86  6:43  Hydralisk  
  86  6:44  Hydralisk x4  
  86  6:46  Hydralisk  
  98  6:48  Hydralisk  
  98  6:52  Hydralisk  
  98  6:53  Hatchery  
  101  7:02  Hydralisk x3  
  107  7:11  Spore Crawler  
  106  7:23  Pneumatized Carapace  
  100  7:37  Grooved Spines, Hydralisk  
  100  7:38  Hydralisk x8  
  118  7:52  Drone x6  
  118  7:53  Drone x3  
  123  8:19  Queen  
  125  8:27  Infestation Pit  
  124  8:36  Zerg Ground Armor Level 2, Zerg Missile Weapons Level 2  
  124  8:41  Lurker  
  124  8:42  Lurker x3  
  124  8:43  Lurker  
  124  8:45  Zergling x2  
  124  8:46  Zergling x20  
  140  8:49  Extractor x2  
  138  8:56  Burrow  
  136  9:14  Baneling  
  136  9:15  Baneling x13  
  134  9:18  Hive  
  88  9:54  Hydralisk x7, Roach  
  88  9:55  Hydralisk x2, Zergling x14, Roach x7  
  88  9:56  Zergling x12, Roach  
  134  10:06  Drone x4  
  134  10:07  Drone  
  136  10:20  Hydralisk x6  
  148  10:25  Overseer  
  148  10:28  Lurker  
  149  10:29  Lurker  
  138  10:51  Zergling x2, Roach x2  
  138  10:52  Zergling x2  
Show
View Real Time Build Order
Export as new Build Order

Bestasttung Terran - Winner!

Build Orders: Reaper Expand 

Get SALT Encoding   

  12  0:00  SCV  
  13  0:12  SCV  
  14  0:17  Supply Depot  
  14  0:24  SCV  
  15  0:39  SCV  
  15  0:41  Barracks  
  16  0:46  Refinery  
  16  0:51  SCV  
  17  1:03  SCV  
  18  1:16  SCV  
  19  1:29  Orbital Command  
  19  1:30  Reaper  
  20  1:43  Command Center  
  20  1:52  Supply Depot  
  20  1:55  SCV  
  21  2:02  Marine  
  22  2:13  SCV  
  23  2:19  Refinery, Factory  
  23  2:24  Barracks Reactor  
  23  2:26  SCV  
  24  2:34  Barracks  
  24  2:49  SCV  
  24  2:57  Orbital Command  
  24  3:01  SCV  
  25  3:11  Barracks Tech Lab  
  25  3:13  SCV, Hellion x2  
  30  3:21  Starport  
  30  3:23  SCV  
  31  3:27  SCV  
  31  3:30  Barracks Reactor  
  31  3:32  Marine  
  31  3:33  Stimpack  
  33  3:35  SCV  
  33  3:38  Hellion  
  33  3:40  Hellion  
  38  3:43  SCV  
  40  3:48  SCV  
  40  3:50  Marine  
  42  3:55  SCV  
  42  4:00  Starport Reactor  
  42  4:08  Marine x2  
  44  4:12  Marine  
  45  4:19  Factory Tech Lab  
  45  4:20  Barracks  
  42  4:34  Marine  
  42  4:35  Marine x2  
  44  4:40  SCV x2  
  46  4:48  Supply Depot  
  46  4:51  Command Center  
  46  5:08  Supply Depot  
  46  5:09  SCV x2, Marine x2, Medivac x2  
  46  5:11  Supply Depot  
  54  5:21  Supply Depot  
  54  5:24  Combat Shield  
  54  5:29  Marine x3  
  54  5:30  SCV x2, Siege Tank  
  54  5:32  Marine  
  63  5:36  Supply Depot  
  63  5:42  SCV x2  
  59  5:49  Marine  
  59  5:50  Marine x3  
  59  5:51  Medivac x2  
  59  5:54  SCV x2  
  69  5:57  Refinery  
  69  6:00  Engineering Bay x2  
  69  6:04  Orbital Command  
  69  6:06  SCV  
  69  6:07  SCV  
  69  6:08  Marine  
  69  6:09  Marine  
  73  6:15  Siege Tank  
  76  6:19  Marine x2  
  76  6:20  Marine  
  76  6:21  SCV  
  76  6:22  SCV  
  81  6:27  Refinery  
  81  6:28  Terran Infantry Weapons Level 1  
  80  6:45  Marine x2  
  80  6:46  Marine x3  
  85  6:47  Medivac x2  
  85  6:49  SCV x3  
  79  7:03  Missile Turret  
  79  7:06  Marine, Missile Turret  
  79  7:07  Marine x4, Missile Turret  
  85  7:08  SCV x2  
  85  7:12  Missile Turret  
  85  7:14  Missile Turret  
  86  7:19  Missile Turret  
  86  7:24  Marine  
  86  7:26  SCV x2  
  89  7:32  Terran Infantry Armor Level 1  
  89  7:34  Marine  
  89  7:35  Armory, Marine x3  
  89  7:36  Siege Tank  
  96  7:47  Barracks  
  96  7:48  Barracks  
  96  8:11  Marine x4  
  96  8:12  Marine  
  101  8:25  Supply Depot  
  101  8:26  Orbital Command, Supply Depot  
  101  8:27  Supply Depot  
  101  8:29  Terran Infantry Weapons Level 2  
  101  8:30  Terran Vehicle And Ship Armor Level 1  
  101  8:38  Missile Turret  
  101  8:44  Barracks Reactor x2, SCV x2, Marine x2, Medivac x2  
  101  8:47  Marine x3, Siege Tank  
  115  8:54  SCV  
  116  8:56  SCV x2  
  116  9:02  Factory  
  118  9:04  Factory  
  118  9:06  Marine x3  
  118  9:07  Marine x2  
  118  9:08  Starport  
  118  9:09  Concussive Shells  
  123  9:23  Marine x2  
  125  9:24  Marine x2  
  125  9:27  SCV x2  
  125  9:28  SCV  
  130  9:31  Refinery  
  130  9:32  Refinery  
  130  9:33  Marine x2  
  130  9:34  Marine  
  133  9:41  Supply Depot x2  
  133  9:42  Marine x2  
  127  9:55  Marine x4  
  127  9:58  Marine x2  
  133  10:02  Marine x2  
  133  10:04  Marine  
  133  10:06  Factory Tech Lab x2, Thor  
  142  10:08  SCV x3  
  142  10:11  Armory  
  142  10:13  Starport Reactor, Marine x2  
  147  10:20  SCV x2  
  149  10:22  Supply Depot  
Show
View Real Time Build Order
Export as new Build Order

Massa Terran 

Build Orders:  

Get SALT Encoding   

  12  0:00  SCV  
  13  0:12  SCV  
  14  0:22  Supply Depot  
  14  0:24  SCV  
  15  0:31  Refinery  
  15  0:44  SCV  
  15  0:45  Barracks  
  16  0:56  SCV  
  17  1:08  SCV  
  18  1:20  SCV  
  19  1:32  SCV  
  20  1:36  Reaper  
  21  1:43  Command Center  
  21  1:50  Orbital Command  
  21  2:08  Marine  
  22  2:17  Supply Depot  
  22  2:18  SCV  
  22  2:21  Factory  
  23  2:28  Barracks Reactor  
  23  2:53  SCV  
  23  2:56  Orbital Command  
  24  2:59  Barracks  
  24  3:05  SCV  
  25  3:07  Engineering Bay  
  25  3:11  Starport  
  25  3:16  Marine x2  
  25  3:19  SCV, Factory Tech Lab  
  28  3:23  SCV  
  29  3:31  SCV, Supply Depot  
  30  3:35  SCV  
  31  3:41  Siege Tank  
  31  3:43  Marine x2  
  36  3:53  Refinery  
  36  3:54  Barracks Tech Lab  
  36  4:01  Marine x2  
  40  4:17  Marauder  
  40  4:18  Marine x2  
  44  4:38  Marauder  
  44  4:40  Missile Turret  
  44  4:44  Stimpack  
  43  4:49  Refinery  
  43  4:51  Refinery  
  43  4:53  Marine x2  
  47  5:00  Marauder, Missile Turret  
  47  5:02  Missile Turret  
  47  5:06  Command Center  
  47  5:11  Marine  
  47  5:13  Siege Tank  
  51  5:16  Marine  
  51  5:21  Marine, Missile Turret  
  53  5:36  Marine  
  54  5:45  Supply Depot  
  54  5:46  Supply Depot  
  54  5:48  Supply Depot  
  54  6:06  Marine x2  
  54  6:07  Widow Mine, Marauder, Medivac  
  54  6:08  SCV x2  
  64  6:20  SCV  
  64  6:24  Marine, Combat Shield  
  66  6:28  Widow Mine, Marauder  
  66  6:29  Barracks  
  70  6:36  Liberator  
  73  6:44  Orbital Command  
  73  7:07  Widow Mine  
  73  7:08  Marauder, Marine x2  
  77  7:13  SCV x3  
  82  7:19  Medivac  
  84  7:25  SCV x2  
  84  7:26  Marine x2  
  84  7:28  Widow Mine  
  84  7:29  Marauder  
  92  7:44  Armory, Terran Infantry Weapons Level 1  
  92  7:47  Engineering Bay  
  92  7:49  Barracks Tech Lab  
  92  7:50  Marine  
  93  7:57  Supply Depot  
  93  8:00  SCV x2  
  93  8:03  Marauder  
  93  8:12  SCV x2, Marine x2  
  87  8:20  Supply Depot x2  
  87  8:21  Supply Depot  
  87  8:24  SCV x2, Marauder  
  91  8:30  Marine  
  91  8:32  Marauder  
  91  8:34  Concussive Shells  
  94  8:36  SCV x2  
  96  8:44  Supply Depot  
  96  8:45  Supply Depot  
  96  8:46  Supply Depot  
  96  8:48  Marauder, Marine x2  
  100  8:49  SCV x2  
  100  8:53  Marauder  
  100  8:55  Orbital Command  
  104  9:01  SCV  
  104  9:24  SCV x3  
  106  9:31  Supply Depot  
  107  9:36  SCV x2  
  63  9:52  Siege Tank  
  66  9:54  Marauder x2, Supply Depot  
  66  9:55  Marine  
  71  10:01  Marine  
  72  10:10  Medivac  
  72  10:13  Marine  
  75  10:16  Marauder x2  
  75  10:17  Supply Depot  
  75  10:19  Marine  
  80  10:24  Siege Tank  
  83  10:31  Marine  
  84  10:36  Marine  
  84  10:37  Marauder x2  
  84  10:40  Medivac  
  84  10:41  Supply Depot  
  90  10:48  Marine  
  73  11:02  Barracks  
  77  11:05  Barracks x2  
Show
View Real Time Build Order
Export as new Build Order

qqq Zerg 

Build Orders: Hatch First 

Get SALT Encoding   

  12  0:00  Drone  
  13  0:08  Drone  
  14  0:37  Hatchery  
  14  0:41  Drone  
  14  0:48  Overlord  
  14  1:07  Spawning Pool  
  13  1:13  Overlord  
  13  1:19  Extractor  
  13  1:20  Drone  
  13  1:29  Drone  
  13  1:30  Drone  
  15  1:44  Drone  
  16  1:48  Drone  
  17  1:55  Drone  
  17  1:58  Queen  
  20  2:02  Drone  
  21  2:11  Drone x2  
  21  2:14  Drone  
  23  2:26  Queen  
  25  2:32  Drone  
  25  2:45  Extractor  
  25  2:50  Drone x3  
  28  2:52  Zergling x2  
  28  2:53  Metabolic Boost  
  28  2:56  Zergling x2  
  30  3:00  Overlord  
  30  3:03  Drone  
  31  3:12  Zergling x2  
  32  3:21  Drone  
  32  3:24  Zergling x2  
  32  3:25  Lair  
  34  3:29  Drone  
  34  3:30  Zergling x4  
  34  3:31  Evolution Chamber  
  36  3:36  Drone x2  
  36  3:37  Drone  
  36  3:40  Drone  
  40  3:45  Drone, Zergling x2  
  42  3:51  Drone  
  43  3:58  Extractor  
  41  4:09  Zergling x2  
  43  4:10  Zergling x4  
  43  4:12  Overlord  
  43  4:13  Overlord x3  
  39  4:36  Zergling x8  
  39  4:37  Drone x3  
  45  4:39  Extractor  
  45  4:40  Extractor  
  43  4:47  Drone  
  43  4:48  Spire  
  43  4:51  Drone  
  44  5:13  Drone x2  
  44  5:14  Drone x2  
  48  5:15  Drone x4  
  48  5:16  Overlord  
  48  5:18  Hatchery  
  51  5:25  Drone  
  50  5:40  Drone x2  
  50  5:41  Drone x2  
  54  5:50  Overlord  
  54  5:52  Overlord  
  54  6:00  Mutalisk x3  
  54  6:01  Mutalisk  
  62  6:04  Mutalisk  
  62  6:08  Hatchery  
  63  6:17  Mutalisk  
  63  6:18  Mutalisk x2  
  64  6:34  Drone  
  62  6:44  Mutalisk x2  
  64  7:06  Drone x4  
  68  7:15  Drone  
  69  7:17  Overlord x4  
  69  7:18  Drone x3  
  66  7:30  Spire  
  66  7:31  Drone  
  66  7:32  Drone  
  66  7:33  Zerg Missile Weapons Level 1, Hydralisk Den  
  58  7:41  Drone x2  
  58  7:42  Drone  
  58  7:43  Drone, Infestation Pit  
  61  7:51  Zergling x6  
  63  7:52  Drone x2  
  63  7:53  Drone  
  63  8:07  Hydralisk x2  
  63  8:08  Hydralisk  
  63  8:12  Lurker Den  
  68  8:13  Drone x4  
  68  8:15  Queen  
  68  8:16  Drone  
  75  8:21  Zergling x4  
  77  8:35  Drone x3  
  80  8:44  Zerg Flyer Weapons Level 1  
  80  8:45  Mutalisk x2  
  80  8:46  Mutalisk  
  80  8:47  Drone x3  
  89  8:57  Drone x2  
  89  8:59  Hive  
  89  9:15  Drone x2, Hydralisk  
  89  9:16  Hydralisk x3  
  99  9:19  Drone x2  
  101  9:28  Extractor x2  
  101  9:30  Overseer  
  99  9:31  Hatchery  
  99  9:32  Pneumatized Carapace  
  99  9:36  Zergling x2  
  99  9:37  Zergling x6  
  99  9:38  Drone x3  
  101  9:46  Hatchery  
  101  9:47  Mutalisk x2  
  101  9:48  Drone x2  
  101  9:52  Hatchery  
  99  10:03  Lurker  
  99  10:05  Drone x3  
  85  10:55  Drone x6  
  101  11:02  Extractor x2  
  101  11:04  Spine Crawler x2  
Tags
 
Add a new tag
Caveats
  • Supply blocks, unpowered buildings, or Contaminate may cause inaccurate times.
  • Supply counts are checked every 10 seconds.